 Dungeon Crawl Stone Soup version 0.18.1-48-g4cf74bf (webtiles) character file.

80 tyranidshit the Skirmisher (level 4, -4/44 HPs)
             Began as a Minotaur Berserker on July 15, 2016.
             Was a Believer of Trog.
             Slain by a gnoll
             ... wielding a +0 halberd
              (13 damage)
             ... on level 2 of the Dungeon.
             The game lasted 00:03:32 (704 turns).

tyranidshit the Skirmisher (Minotaur Berserker)      Turns: 704, Time: 00:03:35

Health: -4/44      AC:  5    Str: 22    XL:     4   Next: 18%
Magic:  3/3        EV: 11    Int:  4    God:    Trog [**....]
Gold:   42         SH:  0    Dex: 10    Spells: 0 memorised, 3 levels left

rFire  . . .     SeeInvis .     m - +0 dagger (elec)
rCold  . . .     Gourm    .     e - +0 ring mail
rNeg   . . .     Faith    .     (no shield)
rPois  .         Spirit   .     (helmet restricted)
rElec  .         Dismiss  .     (no cloak)
rCorr  .         Reflect  .     (no gloves)
SustAt .         Harm     .     (no boots)
MR     .....                    (no amulet)
Stlth  +.........               (no ring)
                                (no ring)

@: lethally poisoned (-4 -> -24), not resistant to hostile enchantments, very
unstealthy
A: retaliatory headbutt, horns 2
a: Berserk, Trog's Hand, Burn Spellbooks, Renounce Religion


You were on level 2 of the Dungeon.
You worshipped Trog.
Trog was pleased with you.
You were not hungry.

You visited 1 branch of the dungeon, and saw 2 of its levels.

You collected 42 gold pieces.

Inventory:

Hand Weapons
 a - a +0 hand axe
 m - a +0 dagger of electrocution (weapon)
Missiles
 k - 3 tomahawks (quivered)
Armour
 b - a +0 animal skin
 e - a +0 ring mail (worn)
Jewellery
 i - an uncursed amulet of the gourmand
Scrolls
 f - a scroll of fear {unknown}
 g - a scroll of teleportation {unknown}
 h - a scroll of enchant weapon {unknown}
 j - a scroll of amnesia {unknown}
 n - 2 scrolls of magic mapping {unknown}
 o - a scroll of fog {unknown}
 p - a scroll of identify {unknown}
Potions
 d - a potion of curing {unknown}
 l - a potion of magic {unknown}
Comestibles
 c - 3 bread rations


   Skills:
 * Level 6.0 Fighting
 - Level 3.6 Axes
 - Level 2.4 Armour
 - Level 2.1 Dodging
 + Level 0.3 Stealth


You had 3 spell levels left.
You didn't know any spells.

Dungeon Overview and Level Annotations

Branches:
Dungeon (2/15)

Altars:


Innate Abilities, Weirdness & Mutations

You reflexively headbutt those who attack you in melee.
You have a pair of horns on your head.


Message History

You are more poisoned.
You hit the rat.
You kill the rat!
Trog accepts your kill.
You feel sick.
The gnoll hits you from afar with a halberd of venom.
You are lethally poisoned!
* * * LOW HITPOINT WARNING * * *
You feel very sick. The gnoll misses you. The gnoll barely misses you.
You barely miss the gnoll. Your headbutt misses the gnoll.
* * * LOW HITPOINT WARNING * * *
You feel sick. The gnoll closely misses you.
You closely miss the gnoll. You headbutt the gnoll!
The gnoll is severely wounded.
* * * LOW HITPOINT WARNING * * *
You feel sick. The gnoll closely misses you. You furiously retaliate!
You headbutt the gnoll, but do no damage.
The gnoll hits you from afar with a halberd!
You die...

# .## ## ... .
#.### #.
#..g#####.#
#.#####g......#
# #.
...#.@.#######
.##.###.#.###
#......#...#
#..#.#.##.##
#..#...##.##
.###.#...#...#
...........#.#
# ###.#...#...#
# #.##.######


You could see 2 gnolls.

Vanquished Creatures
  Natasha (D:2)
  A gnoll (D:2)
  An adder (D:2)
  A dart slug (D:1)
  2 bats (D:1)
  2 giant cockroaches (D:1)
  3 goblins
  3 hobgoblins (D:1)
  3 jackals (D:2)
  6 kobolds
  2 ball pythons
  2 giant newts (D:1)
  8 rats
35 creatures vanquished.

Notes
Turn   | Place    | Note
--------------------------------------------------------------
     0 | D:1      | tyranidshit the Minotaur Berserker began the quest for the Orb.
     0 | D:1      | Reached XP level 1. HP: 19/19 MP: 0/0
    57 | D:1      | Reached skill level 4 in Fighting
    91 | D:1      | Reached XP level 2. HP: 23/27 MP: 1/1
   132 | D:1      | Reached ** piety under Trog
   439 | D:1      | Reached skill level 5 in Fighting
   525 | D:2      | Reached XP level 3. HP: 26/36 MP: 2/2
   622 | D:2      | Noticed Natasha
   625 | D:2      | Killed Natasha
   625 | D:2      | Reached XP level 4. HP: 41/44 MP: 3/3
   699 | D:2      | Reached skill level 6 in Fighting
   704 | D:2      | Slain by a gnoll

Skill      XL: |  1  2  3  4 |
---------------+-------------+-----
Fighting       | 4 5 6 |  6.0
Axes           | |  3.6
Armour         | |  2.4
Dodging        | |  2.1
Stealth        | |  0.3

Action                   |  1- 3 |  4- 6 || total
-------------------------+-------+-------++-------
Melee: Hand axe          |    51 |       ||    51
       Headbutt          |     9 |     1 ||    10
       Dagger            |     7 |     7 ||    14
Armor: Animal skin       |     1 |       ||     1
       Ring mail         |    21 |     1 ||    22
Dodge: Dodged            |    40 |    11 ||    51
